 Dungeon Crawl Stone Soup version 0.20-a0-983-g35de22d (webtiles) character file.

206 AlphabetPasta the Cutter (level 6, -2/38 HPs)
             Began as a Kobold Chaos Knight on Apr 9, 2017.
             Killed from afar by a white imp (4 damage)
             ... with a puff of frost
             ... summoned by Xom
             ... on level 2 of the Dungeon.
             The game lasted 00:11:52 (2980 turns).

AlphabetPasta the Cutter (Kobold Chaos Knight)      Turns: 2980, Time: 00:11:52

Health: -2/38      AC: 11    Str:  9    XL:     6   Next: 10%
Magic:  6/6        EV: 16    Int: 14    God:    Xom [*.....]
Gold:   154        SH:  0    Dex: 16    Spells: 5/5 levels left

rFire    . . .     SeeInvis .   l - +2 dagger (speed)
rCold    . . .     Gourm    .   (shield restricted)
rNeg     . . .     Faith    .   o - +3 ring mail
rPois    .         Spirit   .   (no helmet)
rElec    .         Reflect  .   j - +0 cloak
rCorr    .         Harm     .   f - +1 pair of gloves
MR       .....                  (no boots)
Stlth    ++........             (no amulet)
Regen    0.2/turn               i - +2 ring of evasion
MPRegen  0.1/turn               (no ring)

@: no status effects
A: blurry vision 2, carnivore 3
a: Renounce Religion


You were on level 2 of the Dungeon.
You worshipped Xom.
You were a special plaything of Xom.
You were completely stuffed.

You visited 1 branch of the dungeon, and saw 3 of its levels.

You collected 154 gold pieces.

Inventory:

Hand Weapons
 a - a +0 short sword of chaos
 h - a +1 short sword of holy wrath
 l - a +2 dagger of speed (weapon)
Armour
 b - a +2 leather armour
 f - a +1 pair of gloves (worn)
 j - a +0 cloak (worn)
 o - a +3 ring mail (worn)
Jewellery
 i - a +2 ring of evasion (left hand)
Scrolls
 e - a scroll of magic mapping
 k - a scroll of identify
Potions
 m - a potion of heal wounds
Comestibles
 c - a meat ration
 d - 3 chunks of flesh
 g - a royal jelly


   Skills:
 + Level 4.1 Fighting
 * Level 5.7 Short Blades
 + Level 1.9 Armour
 + Level 3.4 Dodging
 + Level 3.3 Stealth


You had 5 spell levels left.
You didn't know any spells.

Dungeon Overview and Level Annotations

Branches:
Dungeon (3/15)

Altars:

Annotations:
D:3 AlphabetPasta's ghost, amateur KoCK


Innate Abilities, Weirdness & Mutations

You are small and have problems with some larger weapons.
You are carnivorous and can eat meat at any time.
Scrolls take you longer to read.


Message History

The white imp is moderately wounded.
You hit the white imp.
The white imp is heavily wounded.
The white imp hits you but does no damage.
The shadow imp misses you.
You closely miss the white imp.
The white imp is heavily wounded.
You completely miss the white imp.
The white imp is heavily wounded.
The white imp gestures at you. The puff of frost hits you!
* * * LOW HITPOINT WARNING * * *
The shadow imp misses you.
You hit the white imp.
The white imp is severely wounded.
You hit the white imp.
The white imp is almost dead.
The white imp gestures at you. The puff of frost hits you!
You die...

#####.#.#
......#.###
.####.....#
.####.....#
.##.......#
..........#
........##########
..........)....5>#
...##.##########@#
...##.# #5#
...##.### #.#
........# #.#
........# #.#
........# #.#
........## #.#
.........### #.#
...........# #.#


You could see a white imp and a shadow imp.

Vanquished Creatures
  2 orc wizards (D:3)
  6 adders
  An ooze (shapeshifter) (D:3)
  3 dart slugs
  2 leopard geckos (D:2)
  12 orcs
  A giant cockroach (D:3)
  A giant cockroach (shapeshifter) (D:2)
  9 goblins
  6 hobgoblins
  5 jackals
  11 bats
  3 frilled lizards
  9 kobolds
  4 rats
75 creatures vanquished.

Notes
Turn   | Place    | Note
-------+----------+-------------------------------------------
     0 | D:1      | AlphabetPasta the Kobold Chaos Knight began the quest for the Orb.
     0 | D:1      | Reached XP level 1. HP: 14/14 MP: 1/1
    20 | D:1      | XOM: divination: detect items
    30 | D:1      | XOM: smoke on damage
    38 | D:1      | Reached skill level 1 in Armour
   122 | D:1      | Reached XP level 2. HP: 9/19 MP: 2/2
   124 | D:1      | XOM: noise
   209 | D:1      | You fall through a shaft!
   400 | D:2      | Reached XP level 3. HP: 21/23 MP: 3/3
   400 | D:2      | XOM: harmless Tloc miscast
   616 | D:1      | Reached skill level 1 in Stealth
   981 | D:1      | XOM: stat loss: -1 Str (6/9)
   995 | D:1      | XOM: medium Conj miscast
  1163 | D:2      | Reached XP level 4. HP: 26/28 MP: 4/4
  1455 | D:2      | Reached skill level 5 in Short Blades
  1483 | D:2      | XOM: harmless Air miscast
  1565 | D:2      | XOM: medium Necr miscast
  1639 | D:2      | XOM: summons 2 hostile demons
  1693 | D:1      | XOM: give mutations
  1693 | D:1      | Gained mutation: Scrolls take you a little longer to read. [Xom's mischief]
  1693 | D:1      | Gained mutation: You are clumsy. (Dex -2) [Xom's mischief]
  1693 | D:1      | Gained mutation: Scrolls take you longer to read. [Xom's mischief]
  1693 | D:1      | Lost mutation: You are clumsy. (Dex -2) [Xom's mischief]
  1754 | D:3      | Noticed AlphabetPasta's ghost (amateur KoCK)
  1831 | D:3      | Reached XP level 5. HP: 24/33 MP: 5/5
  1898 | D:3      | XOM: polymorph goblin -> ooze
  1921 | D:3      | XOM: medium Pois miscast
  2474 | D:3      | XOM: medium Pois miscast
  2884 | D:3      | Reached XP level 6. HP: 14/38 MP: 6/6
  2890 | D:3      | XOM: mild Tmut miscast
  2893 | D:3      | XOM: torment (6/38 hp)
  2912 | D:3      | XOM: summons 4 hostile shadow creatures
  2964 | D:2      | XOM: summons 3 hostile demons
  2980 | D:2      | Killed from afar by a white imp

Vault maps used:
D:1:      dpeg_arrival_solitude
D:3:      first_bread

Skill      XL: |  1  2  3  4  5 |
---------------+----------------+-----
Armour         | 1 |  1.9
Stealth        | 1 2 3 |  3.3
Short Blades   | 5 |  5.7
Dodging        | 3 |  3.4
Fighting       | 4 |  4.1

Action                   |  1- 3 |  4- 6 || total
-------------------------+-------+-------++-------
Melee: Short sword       |    97 |   137 ||   234
       Dagger            |       |   179 ||   179
  Use: Scroll            |     2 |     2 ||     4
       Potion            |     1 |     1 ||     2
 Stab: Paralysed         |     1 |       ||     1
       Sleeping          |     2 |     1 ||     3
  Eat: Chunk             |     9 |     6 ||    15
Armor: Leather armour    |    17 |    51 ||    68
       Ring mail         |       |    17 ||    17
Dodge: Dodged            |    57 |   224 ||   281
